 Dungeon Crawl Stone Soup version 0.27.1-4-g1640c2035a (webtiles) character file.

Game seed: 10971042894147058586

112 Destapler the Ogre Mage (level 4, 0/42 HPs)
             Began as an Ogre Hedge Wizard on Oct 31, 2021.
             Was a Believer of Zin.
             Slain by a worm (8 damage)
             ... in a sewer.
             The game lasted 00:13:25 (3315 turns).

Destapler the Ogre Mage (Ogre Hedge Wizard)         Turns: 3315, Time: 00:13:28

Health: 0/42       AC:  3    Str: 15    XL:     4   Next: 93%
Magic:  4/10       EV: 10    Int: 17    God:    Zin [**....]
Gold:   58         SH:  0    Dex:  9    Spells: 8/11 levels left

rFire    . . .     SeeInvis .   a - +1 dagger
rCold    . . .     Faith    .   (no shield)
rNeg     . . .     Spirit   .   b - +0 robe
rPois    ∞         Reflect  .   c - +0 hat
rElec    .         Harm     .   d - scarf {repulsion}
rCorr    .         Rampage  .   (gloves unavailable)
Will     .....                  (boots unavailable)
Stlth    ++........             (no amulet)
HPRegen  0.14/turn              (no ring)
MPRegen  0.12/turn              (no ring)

@: vitalised, very slightly contaminated, repel missiles
A: large, unfitting armour, tough skin 1
a: Renounce Religion, Recite, Vitalisation, Donate Gold


You were in a sewer.
You worshipped Zin.
Zin was pleased with you.
You visited 1 branch of the dungeon, and saw 4 of its levels.
You also visited: Sewer.

You collected 87 gold pieces.
You donated 29 gold pieces to Zin.

Inventory:

Hand Weapons
 a - a +1 dagger (weapon)
Armour
 b - a +0 robe (worn)
 c - a +0 hat (worn)
 d - a scarf of repulsion (worn)
Wands
 n - a wand of acid (8)
Scrolls
 g - a scroll of identify
 h - 2 scrolls of holy word {unknown}
 i - a scroll of magic mapping {unknown}
 j - a scroll of fog {unknown}
 o - 2 scrolls of summoning {unknown}
Potions
 e - a potion of might
 f - a potion of mutation {unknown}
 k - 5 potions of flight
 l - 2 potions of ambrosia {unknown}
 m - a potion of heal wounds {unknown}


   Skills:
 + Level 2.1 Fighting
 + Level 1.3 Throwing
 + Level 2.3 Dodging
 + Level 1.6 Stealth
 - Level 4.0 Spellcasting
 - Level 0.8 Conjurations
 - Level 0.8 Summonings
 + Level 1.7 Translocations
 * Level 2.0 Invocations


You had 8 spell levels left.
You knew the following spells:

 Your Spells              Type           Power      Damage    Failure   Level
a - Magic Dart            Conj           24%        1d4       11%         1
B - Blink                 Tloc           N/A        N/A       12%         2

Your spell library contained the following spells:

 Spells                   Type           Power      Damage    Failure   Level
 Call Imp                 Summ           6%         N/A       17%         2
 Slow                     Hex            3%         N/A       24%         2
 Conjure Flame            Conj/Fire      4%         6-21      36%         3
 Mephitic Cloud           Conj/Pois/Air  4%         N/A       38%         3


Dungeon Overview and Level Annotations

Branches:
Dungeon (4/15)              Sewer (1/1)
 Temple: D:4-7

Altars:
Zin

Shops:
D:1 *


Innate Abilities, Weirdness & Mutations

You are too large for most types of armour.
You have tough skin. (AC +1)


Message History

The worm bites you but does no damage.
You hit the worm.
You kill the worm!
The worm bites you but does no damage.
You are too injured to fight recklessly!
You are too injured to fight recklessly!
You are too injured to fight recklessly!
Casting: Magic Dart (safe; 11% risk of failure)
Confirm with . or Enter, or press ? or * to list all spells.
Aiming: Magic Dart (safe; 11% risk of failure)
Press: ? - help, Shift-Dir - straight line, f - worm
Aim: a worm (100% to hit)
You miscast Magic Dart.
You are very lightly contaminated with residual magic.
Nothing appears to happen.
Casting: Magic Dart (safe; 11% risk of failure)
Confirm with . or Enter, or press ? or * to list all spells.
Aiming: Magic Dart (safe; 11% risk of failure)
Press: ? - help, Shift-Dir - straight line, f/p - worm
Aim: a worm (100% to hit)
The magic dart hits the worm.
The worm is lightly wounded.
Casting: Magic Dart (safe; 11% risk of failure)
Confirm with . or Enter, or press ? or * to list all spells.
Aiming: Magic Dart (safe; 11% risk of failure)
Press: ? - help, Shift-Dir - straight line, f/p - worm
Aim: a worm (100% to hit)
The magic dart hits the worm.
The worm is lightly wounded.
Okay, then.
Unknown command.
Casting: Magic Dart (safe; 11% risk of failure)
Confirm with . or Enter, or press ? or * to list all spells.
Aiming: Magic Dart (safe; 11% risk of failure)
Press: ? - help, Shift-Dir - straight line, f/p - worm
Aim: a worm (lightly wounded, 100% to hit)
The magic dart hits the worm but does no damage.
The worm is lightly wounded.
The worm bites you!
You die...

#
#≈≈≈≈≈≈≈≈≈≈≈≈≈≈.≈≈≈.≈≈≈.≈.≈≈≈
#
#≈≈≈≈≈≈≈≈≈≈≈≈≈≈≈≈≈≈≈≈≈≈≈≈≈≈.≈
#
#≈≈≈.≈≈≈≈≈≈≈≈≈.≈.≈≈..≈≈≈≈≈≈≈≈
#
#≈≈≈#######################≈≈
# #≈≈≈# ###### #≈≈ # #.≈≈#
#w...# #≈≈ # #≈≈≈#
#####++#####''#####≈≈ # #≈≈≈#
#∩...............≈≈≈≈ # #.≈≈#
#∩..@w..........≈.≈≈≈ # #≈≈.#
#####++#####''#####≈≈ # #≈≈≈#


JJJJ# #≈≈ # #≈≈≈# ###### #≈≈ #####≈≈≈#######################≈≈
≈.≈≈≈≈.≈≈.≈.≈÷≈.≈≈≈≈≈≈≈≈≈≈≈...≈≈≈ ≈≈≈≈≈≈≈≈≈≈≈≈≈≈≈≈≈≈≈≈≈≈≈≈≈≈≈≈≈≈≈≈≈
≈≈≈≈.≈≈.≈≈..≈≈≈≈≈≈.≈≈≈≈≈≈.≈.≈≈.≈≈ ################################# You could
see a worm.

Vanquished Creatures
  Jessica (D:2)
  3 adders
  2 worms
  2 dart slugs
  An orc (D:3)
  4 ball pythons
  10 bats
  4 endoplasms
  4 giant cockroaches
  4 hobgoblins
  4 jackals (Sewer)
  2 quokkas
  6 frilled lizards
  A kobold (D:1)
48 creatures vanquished.

Notes
Turn   | Place    | Note
-------+----------+-------------------------------------------
     0 | D:1      | Destapler the Ogre Hedge Wizard began the quest for the
                  | Orb.
     0 | D:1      | Reached XP level 1. HP: 16/16 MP: 5/5
    74 | D:1      | Reached skill level 1 in Translocations
   221 | D:1      | Found a faded altar of an unknown god.
   228 | D:1      | Reached XP level 2. HP: 21/26 MP: 4/6
   229 | D:1      | Became a worshipper of Zin the Law-Giver
   229 | D:1      | Reached * piety under Zin
   289 | D:1      | Donated 4 gold pieces to Zin
  1026 | D:1      | Found Ymepnats's General Store.
  1188 | D:2      | Noticed Jessica
  1191 | D:2      | Donated 17 gold pieces to Zin
  1199 | D:2      | Killed Jessica
  1200 | D:2      | Reached skill level 1 in Fighting
  1200 | D:2      | Reached skill level 1 in Throwing
  1200 | D:2      | Reached skill level 1 in Invocations
  1200 | D:2      | Reached XP level 3. HP: 25/33 MP: 2/8
  1203 | D:2      | Learned a level 2 spell: Blink
  1275 | D:2      | Reached ** piety under Zin
  1388 | D:2      | Reached skill level 4 in Spellcasting
  1776 | D:2      | Reached XP level 4. HP: 41/41 MP: 7/10
  2104 | D:3      | Found a glowing drain.
  2292 | D:3      | You fall into a shaft and drop 1 floor!
  2382 | Sewer    | Entered a sewer
  3315 | Sewer    | Slain by a worm

Illustrated notes

Levels and vault maps discovered:
D:1:      ncdulo_lavacross, layout_loops_ring, serial_shops,
          nicolae_shop_crystal, hellmonk_ecumenical_altar_slurped_away
D:2:      layout_rooms, corexii_corridor_pit, uniq_jessica
D:3:      layout_loops_ring, gup_sewer_entry_glass, grunt_decor_fettered
D:4:      layout_loops_ring, serial_undead, serial_undead_c, serial_undead_a,
          serial_undead_d, serial_undead_a, serial_shops, nicolae_diamond_shop
Sewer:    sewer_fruit_machine

Skill      XL: |  1  2  3  4 |
---------------+-------------+-----
Translocations | 1 |  1.7
Fighting       | 1 2 |  2.1
Throwing       | 1 |  1.3
Dodging        | 2 |  2.3
Invocations    | 1 2 |  2.0
Spellcasting   | 4 |  4.0
Stealth        | |  1.6
Conjurations   | |  0.8
Summonings     | |  0.8

Action                   |  1- 3 |  4- 6 || total
-------------------------+-------+-------++-------
Melee: Dagger            |    61 |   133 ||   194
 Cast: Magic Dart        |    40 |    45 ||    85
Invok: Recite            |     2 |       ||     2
       Donate Gold       |     2 |       ||     2
       Vitalisation      |       |     2 ||     2
  Use: Scroll            |       |     4 ||     4
       Potion            |       |     2 ||     2
 Stab: Sleeping          |     3 |       ||     3
Armor: Robe              |    15 |    54 ||    69
Dodge: Dodged            |    30 |   103 ||   133
